 Dungeon Crawl Stone Soup version 0.25.1-2-g60ff931df9 (webtiles) character file.

Game seed: 7386459741794209567

3250 Kaliet the Cleaver (level 9, -4/78 (79) HPs)
             Began as a Hill Orc Fighter on Nov 8, 2020.
             Was a Priest of Okawaru.
             Slain by an 18-headed hydra (11 damage)
             ... on level 6 of the Dungeon on Nov 9, 2020.
             The game lasted 01:05:23 (7611 turns).

Kaliet the Cleaver (Hill Orc Fighter)               Turns: 7611, Time: 01:05:24

HP:   -4/78 (79)    AC: 15    Str: 22    XL:     9   Next: 99%
MP:   9/9           EV:  9    Int:  8    God:    Okawaru [***...]
Gold: 474           SH: 13    Dex: 10    Spells: 8/8 levels left

rFire    . . .     SeeInvis .   a - +1 war axe
rCold    . . .     Gourm    .   c - +2 kite shield
rNeg     . . .     Faith    .   b - +0 scale mail
rPois    .         Spirit   .   j - +0 helmet
rElec    .         Reflect  .   (no cloak)
rCorr    .         Harm     .   k - +0 pair of gloves
MR       .....                  e - +2 pair of boots
Stlth    ..........             i - amulet of regeneration
HPRegen  0.63/turn              (no ring)
MPRegen  0.11/turn              (no ring)

@: no status effects
A: slimy green scales 1, evolution 1, sturdy frame 1
a: Heroism, Renounce Religion


You were on level 6 of the Dungeon.
You worshipped Okawaru.
Okawaru was most pleased with you.
You were not hungry.

You visited 2 branches of the dungeon, and saw 8 of its levels.

You collected 474 gold pieces.

Inventory:

Hand Weapons
 a - a +1 war axe (weapon)
 d - a +2 dagger of venom
 h - a +0 short sword
 m - a +3 dagger
Armour
 b - a +0 scale mail (worn)
 c - a +2 kite shield (worn)
 e - a +2 pair of boots (worn)
 j - a +0 helmet (worn)
 k - a +0 pair of gloves (worn)
Magical Staves
 s - an uncursed staff of energy {unknown}
Jewellery
 i - an amulet of regeneration (around neck)
Wands
 r - a wand of paralysis (3)
 v - a wand of random effects (9)
 w - a wand of iceblast (8)
Scrolls
 g - 6 scrolls of identify
 l - 2 scrolls of amnesia
 n - 3 scrolls of remove curse
 o - a scroll of teleportation
 y - a scroll of magic mapping
Potions
 q - 2 potions of berserk rage
 t - a potion of stabbing {unknown}
 u - 2 potions of resistance
 x - 3 potions of curing
Comestibles
 f - 9 rations


   Skills:
 + Level 7.2 Fighting
 + Level 11.6 Axes
 + Level 7.3 Armour
 - Level 1.5 Dodging
 + Level 0.3 Stealth
 + Level 7.7 Shields


You had 8 spell levels left.
You didn't know any spells.
Your spell library contained the following spells:

 Spells                   Type           Power        Failure   Level  Hunger
 Summon Butterflies       Summ           #.......     88%         1    ##.....
 Corpse Rot               Necr/Air       N/A          96%         2    ###....
 Call Canine Familiar     Summ           #.......     99%         3    ####...
 Stone Arrow              Conj/Erth      #.....       99%         3    ####...
 Summon Ice Beast         Ice/Summ       #.......     100%        4    #####..
 Summon Forest            Summ/Tloc      #.........   100%        5    ######.
 Summon Mana Viper        Hex/Summ       #.......     100%        5    ######.
 Eringya's Noxious Bog    Tmut/Pois      #.........   100%        6    #######
 Hydra Form               Tmut           #.........   100%        6    #######
 Summon Hydra             Summ           #.........   100%        7    #######


Dungeon Overview and Level Annotations

Branches:
Dungeon (7/15)             Temple (1/1) D:6

Altars:
Ashenzari
Cheibriados
Dithmenos
Fedhas
Gozag
Hepliaklqana
Kikubaaqudgha
Makhleb
Nemelex Xobeh
Okawaru
Qazlal
Ru
Sif Muna
Trog
Wu Jian
Xom
Yredelemnul
Zin
The Shining One


Innate Abilities, Weirdness & Mutations

You are partially covered in slimy green scales. (AC +2)
You evolve.
Your movements are slightly less encumbered by armour. (ER -2)


Message History

You block the 18-headed hydra's attack. The 18-headed hydra bites you!
The 18-headed hydra bites you but does no damage.
The 18-headed hydra bites you.
The 18-headed hydra bites you but does no damage.
You block the 18-headed hydra's attack. The 18-headed hydra bites you.
Aiming: Paralyse
Press: ? - help, Shift-Dir - straight line, f/p - 18-headed hydra
Aim: an 18-headed hydra (severely wounded, chance to defeat MR: 15%)
The 18-headed hydra resists with almost no effort.
The 18-headed hydra bites you. The 18-headed hydra bites you!
You block the 18-headed hydra's attack.
The 18-headed hydra bites you but does no damage.
The 18-headed hydra bites you!
* * * LOW HITPOINT WARNING * * *
The 18-headed hydra bites you!
* * * LOW HITPOINT WARNING * * *
You block the 18-headed hydra's attack. x2
The 18-headed hydra completely misses you.
The 18-headed hydra closely misses you. The 18-headed hydra bites you!
You die...

########.........#
###########.......#########
.....#.........##...#
.....#.........##...#
..>............##...#
...#.######..###....#
##.#.# #...##.....######
##...#####.#.............#
.....##..>.##..#@........#
##...#......#..#.D.......#
##.............##........#
......#......####........#
.#....#......####........#
#...........###..........#
............##..#........#
.#....#.....##.##........#
.#..###.....##.###########


You could see a 18-headed hydra.

Vanquished Creatures
  A slime creature (D:6)
  2 yaks (D:7)
  A hungry ghost (D:7)
  Duvessa (D:7)
  2 ice beasts (D:7)
  2 ogres
  A necrophage (D:7)
  A phantom (D:4)
  A sky beast (D:7)
  5 centaurs
  The ghost of DogServant the Slasher, an amateur MfGl (D:4)
  A big kobold (D:7)
  4 bullfrogs (D:7)
  Dowan (D:7)
  A vampire bat (D:5)
  6 crimson imps
  2 jellies (D:5)
  2 hounds
  A human zombie (D:4)
  A centaur skeleton (D:7)
  2 bullfrog skeletons
  An iguana (D:5)
  An orc wizard (D:7)
  3 worker ants (D:4)
  Natasha (thrice) (D:3)
  A hound zombie (D:7)
  Robin (D:4)
  2 howler monkey skeletons (D:4)
  A worker ant zombie (D:7)
  12 adders
  A shadow imp (D:5)
  An ooze (D:1)
  An adder zombie (D:5)
  4 worms
  A dart slug (D:4)
  3 fire bats (D:5)
  3 leopard geckos
  9 orcs
  2 spectral bats (D:5)
  3 bat skeletons (D:5)
  A bat zombie (D:5)
  5 giant cockroaches
  A gnoll zombie (D:4)
  17 goblins
  15 hobgoblins
  15 jackals
  7 kobolds
  2 quokkas
  2 ball pythons
  17 bats
  A bat simulacrum (D:5)
  5 frilled lizards
  A quokka skeleton (D:4)
  10 rats
191 creatures vanquished.

Notes
Turn   | Place    | Note
-------+----------+-------------------------------------------
     0 | D:1      | Kaliet the Hill Orc Fighter began the quest for the Orb.
     0 | D:1      | Reached XP level 1. HP: 19/19 MP: 1/1
    91 | D:1      | Reached XP level 2. HP: 25/27 MP: 2/2
   292 | D:1      | Reached skill level 3 in Axes
   516 | D:1      | Reached XP level 3. HP: 33/33 MP: 3/3
  1323 | D:2      | Reached XP level 4. HP: 38/40 MP: 4/4
  1443 | D:2      | Found a sparkling altar of Nemelex Xobeh.
  1445 | D:2      | Found a stormy altar of Qazlal.
  2081 | D:3      | Noticed Natasha
  2095 | D:3      | Killed Natasha
  2095 | D:3      | Reached skill level 4 in Axes
  2194 | D:3      | Reached XP level 5. HP: 47/47 MP: 5/5
  2291 | D:3      | Noticed Natasha
  2309 | D:3      | Killed Natasha
  2313 | D:3      | Noticed Natasha
  2325 | D:3      | Killed Natasha
  2325 | D:3      | Reached skill level 5 in Axes
  2325 | D:3      | Reached skill level 1 in Dodging
  2740 | D:4      | Found a large runed translucent door.
  2740 | D:4      | Found a large runed translucent door.
  2742 | D:4      | Noticed DogServant's ghost (amateur MfGl)
  2752 | D:4      | Reached XP level 6. HP: 53/53 MP: 6/6
  3040 | D:4      | Noticed Robin
  3040 | D:4      | Noticed a phantom
  3059 | D:4      | Killed Robin
  3150 | D:4      | Killed a phantom
  3313 | D:4      | Found a sand-covered staircase.
  3328 | D:4      | Reached skill level 6 in Axes
  3328 | D:4      | Reached XP level 7. HP: 60/60 MP: 7/7
  3835 | D:4      | Found a sacrificial altar of Ru.
  3932 | D:5      | Entered Level 5 of the Dungeon
  4042 | D:4      | Killed DogServant's ghost
  4042 | D:4      | Reached skill level 5 in Fighting
  4107 | D:5      | Reached skill level 7 in Axes
  4107 | D:5      | Reached skill level 5 in Armour
  4144 | D:5      | Found a glowing silver altar of Zin.
  4144 | D:5      | Found a shimmering altar of Xom.
  4144 | D:5      | Noticed an angel
  4275 | D:5      | Reached skill level 5 in Shields
  4289 | D:5      | Gained mutation: Your spells are a little harder to cast,
                  | but a little more powerful. [potion of mutation]
  4289 | D:5      | Gained mutation: Your movements are slightly less
                  | encumbered by armour. (ER -2) [potion of mutation]
  4289 | D:5      | Gained mutation: You evolve. [potion of mutation]
  4289 | D:5      | Gained mutation: You are partially covered in slimy green
                  | scales. (AC +2) [potion of mutation]
  4632 | D:5      | Reached XP level 8. HP: 68/68 MP: 8/8
  4913 | D:5      | Reached skill level 8 in Axes
  5193 | D:6      | Found an iron altar of Okawaru.
  5205 | D:6      | Became a worshipper of Warmaster Okawaru
  5239 | D:6      | Found a staircase to the Ecumenical Temple.
  5259 | Temple   | Entered the Ecumenical Temple
  5773 | D:6      | Lost mutation: Your spells are a little harder to cast, but
                  | a little more powerful. [evolution]
  5850 | D:7      | Noticed Duvessa
  5850 | D:7      | Noticed Dowan
  5870 | D:7      | Killed Duvessa
  5920 | D:7      | Killed Dowan
  5955 | D:7      | Reached * piety under Okawaru
  5955 | D:7      | Reached skill level 9 in Axes
  6069 | D:7      | Reached XP level 9. HP: 70/74 MP: 9/9
  6124 | D:7      | Found a shattered altar of Ashenzari.
  6293 | D:7      | Reached skill level 10 in Axes
  6471 | D:7      | Noticed a seven-headed hydra
  6769 | D:7      | Reached ** piety under Okawaru
  6818 | D:7      | Paralysed by a crimson imp for 5 turns
  6843 | D:7      | Paralysed by a crimson imp for 4 turns
  6850 | D:7      | Paralysed by a crimson imp for 7 turns
  6936 | D:7      | Reached skill level 11 in Axes
  7354 | D:6      | Reached *** piety under Okawaru
  7611 | D:6      | Slain by an 18-headed hydra

Illustrated notes

Levels and vault maps discovered:
D:1:      mrwooster_arrival_arrow, layout_loops_ring, minmay_cut_off
D:2:      layout_loops_cross, nicolae_overflow_hidden_temple
D:3:      layout_rooms, uniq_natasha
D:4:      minmay_opposing_rooms, layout_basic, nicolae_ru_awakened_eye,
          enter_ossuary_3, first_ration, ebering_ghost_disaster_area,
          st_stairs_7, uniq_robin
D:5:      layout_rooms, grunt_temple_overflow_order_and_chaos_1, goddamned_bats
D:6:      layout_rooms, minmay_temple_entry_overgrown, serial_glass,
          glass_columns_a, glass_columns_a, hex_large, okawaru_ov_weapons_minmay
D:7:      layout_gridville, ashenzari_altar_1, minmay_the_grid_2x2
          [minmay_the_grid_spin_star, minmay_the_grid_tree,
          minmay_the_grid_tiny_cups, minmay_the_grid_prize_inner_circle],
          uniq_duvessa
Temple:   nicolae_temple_figure_eight

Skill      XL: |  1  2  3  4  5  6  7  8  9 |
---------------+----------------------------+-----
Fighting       | 4 5 6 7 |  7.2
Axes           | 3 4 5 6 7 9 11 | 11.6
Armour         | 4 5 6 7 |  7.3
Shields        | 4 5 6 7 |  7.7
Dodging        | 1 |  1.5
Stealth        | |  0.3

Action                   |  1- 3 |  4- 6 |  7- 9 || total
-------------------------+-------+-------+-------++-------
Melee: War axe           |   127 |   204 |   424 ||   755
Evoke: Wand              |       |       |     4 ||     4
  Use: Scroll            |     5 |     3 |     5 ||    13
       Potion            |       |     6 |     5 ||    11
 Stab: Paralysed         |       |       |    10 ||    10
  Eat: Ration            |     1 |     2 |     5 ||     8
Armor: Scale mail        |    74 |   121 |   221 ||   416
Dodge: Dodged            |    49 |    71 |   158 ||   278
Block: Kite shield       |    90 |   128 |   281 ||   499
